 Dungeon Crawl Stone Soup version 0.23-a0-338-g8ff0b24 (webtiles) character file.

26296 Garbasso the Grappler (level 12, -10/123 HPs)
             Began as a Troll Berserker on Oct 18, 2018.
             Was a High Priest of Trog.
             Mangled by a spiny frog (11 damage)
             ... on level 6 of the Lair of Beasts.
             The game lasted 00:39:30 (12674 turns).

Garbasso the Grappler (Troll Berserker)            Turns: 12674, Time: 00:39:31

Health: -10/123    AC:  9    Str: 33    XL:     12   Next: 97%
Magic:  11/11      EV: 12    Int:  5    God:    Trog [*****.]
Gold:   923        SH: 12    Dex: 11    Spells: 11/11 levels left

rFire    + . .     SeeInvis .     - Unarmed
rCold    . . .     Gourm    +   v - +0 shield
rNeg     . . .     Faith    .   l - +2 robe {rF+}
rPois    +         Spirit   .   (helmet restricted)
rElec    .         Reflect  .   n - +1 cloak
rCorr    .         Harm     .   (gloves unavailable)
MR       .....                  (boots unavailable)
Stlth    +.........             q - amulet of regeneration
HPRegen  1.10/turn              e - +5 ring of strength
MPRegen  0.12/turn              C - ring of poison resistance

@: berserk cooldown, hasted and slowed
A: large, unfitting armour, claws 3, fast metabolism 3, gourmand, regeneration
1, shaggy fur 1, tough skin 2
a: Berserk, Trog's Hand, Brothers in Arms, Renounce Religion


You were on level 6 of the Lair of Beasts.
You worshipped Trog.
Trog was extremely pleased with you.
You were very full.

You visited 2 branches of the dungeon, and saw 16 of its levels.
You also visited: Labyrinth and Ossuary.

You collected 923 gold pieces.

Inventory:

Missiles
 f - 22 javelins (quivered)
 B - 17 tomahawks
 O - 7 silver tomahawks
Armour
 d - the +10 large shield of Ignorance {rN+ Int-4}
   (You acquired it on level 1 of the Lair of Beasts)

   It affects your intelligence (-4).
   It protects you from negative energy.
 l - a +2 robe of fire resistance (worn)
 n - a +1 cloak (worn)
 v - a +0 shield (worn)
Jewellery
 e - a +5 ring of strength (left claw)
 q - an amulet of regeneration (around neck)
 A - an uncursed amulet of magic regeneration {unknown}
 C - a ring of poison resistance (right claw)
 E - an uncursed ring of protection from fire
Wands
 r - a wand of paralysis (20)
 x - a wand of random effects (66)
 z - a wand of enslavement (10)
 J - a wand of iceblast (11)
 K - a wand of digging (12)
 L - a wand of polymorph (8)
Scrolls
 a - 5 scrolls of fear
 c - 3 scrolls of teleportation
 g - 6 scrolls of enchant armour
 k - 6 scrolls of remove curse
 w - a scroll of fog
 y - 5 scrolls of magic mapping
 D - a scroll of immolation
 F - 2 scrolls of blinking
Potions
 h - 2 potions of flight
 i - 2 potions of agility
 j - a potion of resistance
 m - 2 potions of brilliance
 o - 7 potions of haste
 p - a potion of degeneration {unknown}
 s - 7 potions of curing
 t - 3 potions of lignification
 u - a potion of experience {unknown}
 H - a potion of heal wounds {unknown}
 I - a potion of ambrosia
Miscellaneous
 M - a fan of gales
Comestibles
 b - 26 rations
 N - 7 chunks of flesh


   Skills:
 + Level 9.3 Fighting
 + Level 7.3 Throwing
 - Level 6.2 Dodging
 - Level 9.0 Shields
 + Level 12.7 Unarmed Combat


You had 11 spell levels left.
You didn't know any spells.
Your spell library was empty.

Dungeon Overview and Level Annotations

Branches:
Dungeon (10/15)            Temple (0/1) D:4            Lair (6/6) D:8
 Shoals (0/4) Lair:3        Snake (0/4) Lair:4
  Slime: Lair:5-6       Orc: D:9-12

Altars:
Dithmenos
Elyvilon
Qazlal
Sif Muna
Vehumet
Xom
The Shining One
Jiyva

Annotations:
D:9 3 runed doors, protoss039's ghost, novice MiFi
Lair:2 3 runed doors, Soeti's ghost, journeyman OpTm


Innate Abilities, Weirdness & Mutations

You are too large for most types of armour.
You have claws for hands.
Your metabolism is lightning-fast.
You like to eat raw meat.
Your natural rate of healing is unusually fast.
You are covered in fur. (AC +1)
You have very tough skin. (AC +2)


Message History

* * * LOW HITPOINT WARNING * * *
The vampire mosquito draws strength from your injuries!
You mangle the vampire mosquito!!
You destroy the vampire mosquito!
Trog accepts your kill.
You closely miss the spiny frog. You barely miss the spiny frog.
You block the spiny frog's attack.
You barely miss the spiny frog.
You are no longer berserk.
You are exhausted.
You feel yourself slow down. The spiny frog misses you.
You barely miss the spiny frog.
A blink frog comes into view.
The spiny frog stings you!
* * * LOW HITPOINT WARNING * * *
You feel yourself speed up. The spiny frog stings you!!
* * * LOW HITPOINT WARNING * * *
A vampire mosquito comes into view.
The spiny frog stings you!
You die...

PF;≈≈P≈≈.##
≈≈≈≈≈≈.F.P###
≈≈≈y≈≈......#
≈≈≈P≈......####
≈≈≈≈P..F.......
≈≈y.≈.≈.....# ###F#
##.#F# #..@## #..##
##..# #...### #..#
##÷..P# ## ###...
##†.## ..
#.....####y..#####.##.
#....P.#....##........
..............#....#


You could see 2 spiny frogs, 2 blink frogs and a vampire mosquito (wandering).

Vanquished Creatures
  2 hydras
  A death yak (D:8)
  A merfolk siren (Lair:3)
  An elephant (D:8)
  4 black mambas
  A centaur skeleton (D:10)
  13 spiny frogs
  2 minotaur zombies (Lab)
  A rime drake (Lair:5)
  A minotaur skeleton (Lab)
  8 komodo dragons
  2 polar bears (Lair:5)
  A troll (D:9)
  A tyrant leech (Lair:6)
  8 blink frogs
  2 hippogriffs
  Sigmund (D:2)
  3 wyverns
  22 yaks
  2 basilisks
  3 vampire mosquitoes
  A hungry ghost (Lab)
  3 nagas (Lair:4)
  9 water moccasins
  6 porcupines
  3 ice beasts
  An orc warrior (D:8)
  2 sky beasts
  3 phantoms
  4 ogres
  A necrophage (D:9)
  A centaur (D:7)
  5 wolves (Lair:1)
  7 crocodiles
  16 bullfrogs
  4 water moccasin zombies (Ossuary)
  4 scorpions
  8 killer bees (D:9)
  7 wights
  8 howler monkeys
  4 crimson imps
  3 hounds
  2 bullfrog zombies
  2 jellies
  5 orc priests
  Crazy Yiuf (D:2)
  3 bullfrog skeletons
  6 orc wizards
  Jessica (D:2)
  An iguana (D:4)
  4 worker ants
  A killer bee zombie (D:8)
  3 big kobold zombies (Ossuary)
  A hound zombie (D:5)
  A hound skeleton (D:6)
  2 mummies (Ossuary)
  3 worker ant zombies
  11 adders
  2 shadow imps
  6 adder zombies (Ossuary)
  An adder skeleton (D:5)
  2 worms
  3 dart slugs
  3 leopard geckos
  37 orcs
  4 bats
  7 giant cockroaches
  2 goblins
  6 hobgoblins
  7 jackals (D:1)
  4 quokkas
  3 ball pythons
  3 frilled lizards
  3 gnoll zombies (Ossuary)
  2 hobgoblin zombies (Ossuary)
  6 kobolds
  2 kobold zombies (Ossuary)
  A leopard gecko skeleton (D:4)
  6 orc zombies (Ossuary)
  A quokka zombie (D:7)
  8 rats
346 creatures vanquished.

Vanquished Creatures (collateral kills)
  A minotaur (Lab)
1 creature vanquished.

Vanquished Creatures (others)
  6 fungi (Lair:6)
  42 plants (Lair:6)
48 creatures vanquished.

Grand Total: 395 creatures vanquished

Notes
Turn   | Place    | Note
-------+----------+-------------------------------------------
     0 | D:1      | Garbasso the Troll Berserker began the quest for the Orb.
     0 | D:1      | Reached XP level 1. HP: 22/22 MP: 0/0
   257 | D:1      | Reached XP level 2. HP: 29/29 MP: 1/1
   648 | D:2      | Found a deep blue altar of Sif Muna.
   723 | D:2      | Noticed Jessica
   732 | D:2      | Killed Jessica
   732 | D:2      | Reached XP level 3. HP: 36/36 MP: 2/2
   858 | D:2      | Reached skill level 4 in Unarmed Combat
   993 | D:2      | Noticed Sigmund
  1000 | D:2      | Killed Sigmund
  1000 | D:2      | Reached skill level 5 in Unarmed Combat
  1000 | D:2      | Reached XP level 4. HP: 45/45 MP: 3/3
  1000 | D:2      | Reached XP level 5. HP: 53/53 MP: 4/4
  1103 | D:2      | Found a runed door.
  1107 | D:2      | Noticed Crazy Yiuf
  1112 | D:2      | Killed Crazy Yiuf
  1112 | D:2      | Reached ** piety under Trog
  1172 | D:2      | Found a shimmering altar of Xom.
  1172 | D:2      | Found a deep blue altar of Sif Muna.
  1203 | D:2      | Reached XP level 6. HP: 61/61 MP: 5/5
  2276 | D:4      | Found a staircase to the Ecumenical Temple.
  2386 | D:4      | Found a glowing golden altar of the Shining One.
  2397 | D:4      | Reached skill level 6 in Unarmed Combat
  2397 | D:4      | Reached XP level 7. HP: 68/68 MP: 6/6
  2486 | D:4      | Found a stormy altar of Qazlal.
  2679 | D:4      | Reached *** piety under Trog
  3033 | D:5      | Entered Level 5 of the Dungeon
  3167 | D:5      | Reached skill level 7 in Unarmed Combat
  3195 | D:5      | Reached XP level 8. HP: 65/79 MP: 7/7
  3232 | D:5      | Found a shadowy altar of Dithmenos.
  3368 | D:5      | Found a sand-covered staircase.
  3374 | Ossuary  | Entered an ossuary
  3402 | Ossuary  | Reached skill level 5 in Dodging
  3402 | Ossuary  | Reached skill level 8 in Unarmed Combat
  3407 | Ossuary  | Reached skill level 5 in Fighting
  3493 | Ossuary  | Reached **** piety under Trog
  4475 | D:6      | Reached skill level 1 in Shields
  4475 | D:6      | Reached XP level 9. HP: 86/88 MP: 8/8
  4941 | D:7      | Reached skill level 9 in Unarmed Combat
  4968 | D:7      | Found a white marble altar of Elyvilon.
  5731 | D:8      | Found a staircase to the Lair.
  5731 | D:8      | Noticed a death yak
  5748 | D:8      | Killed a death yak
  5762 | D:8      | Noticed an elephant
  5772 | D:8      | Killed an elephant
  5772 | D:8      | Reached skill level 10 in Unarmed Combat
  5774 | D:8      | Reached XP level 10. HP: 98/98 MP: 9/9
  6126 | D:8      | Found a radiant altar of Vehumet.
  6659 | D:9      | Found a runed gate.
  6659 | D:9      | Found a runed gate.
  6659 | D:9      | Found a runed gate.
  6669 | D:9      | Reached skill level 1 in Throwing
  6678 | D:9      | Reached ***** piety under Trog
  6831 | D:9      | Reached skill level 5 in Shields
  6869 | D:9      | Noticed protoss039's ghost (novice MiFi)
  7547 | D:10     | Entered Level 10 of the Dungeon
  7664 | D:10     | Noticed a rakshasa
  7806 | Lair:1   | Entered Level 1 of the Lair of Beasts
  8006 | Lair:1   | Reached XP level 11. HP: 85/107 MP: 10/10
  8012 | Lair:1   | Reached skill level 11 in Unarmed Combat
  8759 | Lair:1   | Identified a scroll of acquirement
  8760 | Lair:1   | Found the +10 large shield of Ignorance {rN+ Int-4}
  8786 | Lair:2   | Found a labyrinth entrance.
  8814 | Lab      | Entered a labyrinth
  9313 | Lab      | Noticed a minotaur
  9319 | Lab      | Killed a minotaur
  9747 | Lair:2   | Found a runed gate.
  9748 | Lair:2   | Found a runed gate.
  9749 | Lair:2   | Found a runed gate.
  9751 | Lair:2   | Noticed Soeti's ghost (journeyman OpTm)
  9753 | Lair:2   | Found a viscous altar of Jiyva.
 10186 | Lair:3   | Reached skill level 5 in Throwing
 10318 | Lair:3   | Reached XP level 12. HP: 119/119 MP: 11/11
 10371 | Lair:3   | Found a staircase to the Shoals.
 10738 | Lair:4   | Found a staircase to the Snake Pit.
 11481 | Lair:5   | Reached skill level 12 in Unarmed Combat
 11553 | Lair:5   | Noticed an eight-headed hydra
 11562 | Lair:5   | Killed a ten-headed hydra
 11885 | Lair:5   | Received a gift from Trog
 12428 | Lair:6   | Entered Level 6 of the Lair of Beasts
 12645 | Lair:6   | Noticed an eight-headed hydra
 12659 | Lair:6   | Killed a 12-headed hydra
 12674 | Lair:6   | HP: 1/123 [spiny frog (23)]
 12674 | Lair:6   | Mangled by a spiny frog

Vault maps used:
D:1:      minmay_arrival_five_plusses
D:2:      grunt_temple_overflow_open, led_sif_pool, uniq_crazy_yiuf_cottage,
          uniq_jessica, uniq_sigmund
D:4:      old_standard_altar, lemuel_doored_altar, minmay_temple_entry_poolview
D:5:      grunt_dithmenos_smoke_and_mirrors, serial_co_window_serial,
          co_window_corner_a, co_window_cross_1, co_window_corner_a,
          co_window_corner_a, co_window_paths_a, co_window_of_opportunity_b,
          co_window_2corner, co_window_unsneaky_path_a, co_window_2corner,
          co_window_paths_c, co_window_of_opportunity_c, co_window_2corner,
          co_window_4corner_b, glass_columns_b, glass_columns_a,
          glass_columns_b, first_ration, nicolae_ossuary_entry_plus
D:6:      kennysheep_big_empty_room, kennysheep_generic_room_12
D:7:      elyvilon_altar_4
D:8:      kennysheep_mini, david_lair_generic
D:9:      gammafunk_ghost_icy, grunt_ogre_cave, hangedman_abyss_or_decor_stagger
D:10:     gammafunk_ghost_cemetery
Lair:1:   st_stairs_7, beast_lair_carwin_3
Lair:2:   gammafunk_ghost_ooze, lab_entry_generic, grunt_megastairs_1
Lair:3:   minmay_shoals_entry_lonely_mermaid, st_stairs_7
Lair:4:   guppyfry_snake_entry_garden, grunt_megastairs_5
Lair:5:   grunt_megastairs_2
Lair:6:   minmay_lair_end_frog_pond, minmay_slime_entry_jelly_boxes,
          hellmonk_ghost_happy_afterlife, st_stairs_7
Lab:      labyrinth_hidden_loot, nicolae_lab_plus, nicolae_lab_diamond
Ossuary:  ossuary_tomb_2

Skill      XL: |  1  2  3  4  5  6  7  8  9 10 11 12 |
---------------+-------------------------------------+-----
Unarmed Combat | 5 6 7 8 10 11 12 | 12.7
Fighting       | 3 4 5 6 8 9 |  9.3
Dodging        | 3 4 5 6 |  6.2
Shields        | 1 4 6 8 9 |  9.0
Throwing       | 3 5 7 |  7.3

Action                   |  1- 3 |  4- 6 |  7- 9 | 10-12 || total
-------------------------+-------+-------+-------+-------++-------
Melee: Unarmed           |    92 |   110 |   275 |   626 ||  1103
       Punch             |       |     4 |     8 |       ||    12
Throw: Stone             |     1 |       |       |       ||     1
       Javelin           |       |       |       |    15 ||    15
Invok: Berserk           |     2 |     4 |     5 |    13 ||    24
       Trog's Hand       |       |       |     1 |     5 ||     6
       Brothers in Arms  |       |       |       |     3 ||     3
  Use: Scroll            |       |     9 |     7 |    11 ||    27
       Potion            |       |       |       |     4 ||     4
 Stab: Sleeping          |       |       |     2 |     1 ||     3
  Eat: Chunk             |    15 |    14 |    35 |    77 ||   141
       Ration            |       |       |     1 |     1 ||     2
Armor: Animal skin       |    34 |       |       |       ||    34
       Robe              |     5 |    24 |    80 |   116 ||   225
Dodge: Dodged            |    56 |    55 |    95 |   235 ||   441
Block: Shield            |       |       |    41 |   354 ||   395

Table legend:
 A = Non-vault XP
 B = Vault XP
 C = Vault XP percentage of total XP
 D = Non-vault monster count
 E = Vault monster count
 F = Vault count percentage of total count
                 A         B        C        D         E       F
            +---------+---------+-------+---------+---------+-------
      Total |   24735 |   12831 |  34.2 |     272 |      75 |  21.6
            +---------+---------+-------+---------+---------+-------
        D:1 |      29 |       0 |   0.0 |      16 |       0 |   0.0
        D:2 |      39 |     318 |  89.1 |      16 |       3 |  15.8
        D:3 |     164 |       0 |   0.0 |      35 |       0 |   0.0
        D:4 |     340 |       0 |   0.0 |      13 |       0 |   0.0
        D:5 |    1115 |       0 |   0.0 |      20 |       0 |   0.0
        D:6 |     353 |      48 |  12.0 |      15 |       1 |   6.2
        D:7 |     541 |       0 |   0.0 |      14 |       0 |   0.0
        D:8 |    1629 |    1532 |  48.5 |      35 |       4 |  10.3
        D:9 |    1890 |     112 |   5.6 |      29 |       1 |   3.3
       D:10 |     583 |       0 |   0.0 |       2 |       0 |   0.0
     Lair:1 |    3825 |    1605 |  29.6 |      21 |       6 |  22.2
     Lair:2 |    2672 |     389 |  12.7 |      14 |       1 |   6.7
     Lair:3 |    2421 |     458 |  15.9 |      11 |       1 |   8.3
     Lair:4 |    2984 |     642 |  17.7 |      12 |       4 |  25.0
     Lair:5 |    5104 |    2012 |  28.3 |      15 |       9 |  37.5
     Lair:6 |    1046 |    3338 |  76.1 |       4 |      12 |  75.0
        Lab |       0 |    1912 | 100.0 |       0 |       5 | 100.0
    Ossuary |       0 |     465 | 100.0 |       0 |      28 | 100.0
            +---------+---------+-------+---------+---------+-------
